 Dungeon Crawl Stone Soup version 0.21-a0-426-g98080a9 (webtiles) character file.

2 theanonym the Magician (level 1, -1/13 HPs)
             Began as a Mummy Ice Elementalist on Nov 7, 2017.
             Slain by a hobgoblin
             ... wielding a +0 club
              (7 damage)
             ... on level 1 of the Dungeon.
             The game lasted 00:00:07 (76 turns).

theanonym the Magician (Mummy Ice Elementalist)       Turns: 76, Time: 00:00:08

Health: -1/13      AC:  2    Str: 11    XL:     1   Next: 33%
Magic:  1/4        EV: 12    Int: 14    God:
Gold:   9          SH:  0    Dex: 12    Spells: 4/5 levels left

rFire    x . .     SeeInvis .   (no weapon)
rCold    + . .     Gourm    .   (no shield)
rNeg     + + +     Faith    .   a - +0 robe
rPois    ∞         Spirit   .   (no helmet)
rElec    .         Reflect  .   (no cloak)
rCorr    .         Harm     .   (no gloves)
MR       .....                  (no boots)
Stlth    ++........             (no amulet)
HPRegen  0.04/turn              (no ring)
MPRegen  0.09/turn              (no ring)

@: no status effects
A: no food or potions, fire vulnerability, cold resistance 1, negative energy
resistance 3, torment resistance, unbreathing
a: no special abilities


Innate Abilities, Weirdness & Mutations

You do not eat or drink.
Your flesh is vulnerable to fire.
You are immune to poison.
Your flesh is cold resistant. (rC+)
You are immune to negative energy. (rN+++)
You are immune to unholy pain and torment.
You can survive without breathing.


   Skills:
 - Level 1.5 Dodging
 - Level 1.5 Stealth
 + Level 2.8 Spellcasting
   Level 0.7 Conjurations
 + Level 2.5 Ice Magic


You had 4 spell levels left.
You knew the following spells:

 Your Spells              Type           Power        Failure   Level  Hunger
a - Freeze                Ice            #...         8%          1    N/A

Action                   || total
-------------------------++-------
Melee: Unarmed           ||     2
 Cast: Freeze            ||     5
Armor: Robe              ||     1
Dodge: Dodged            ||    11

Inventory:

Armour
 a - a +0 robe (worn)
Books
 b - a book of Frost

   Spells                             Type                      Level
   a - Freeze                         Ice                          1
   b - Throw Frost                    Conjuration/Ice              2
   c - Ozocubu's Armour               Charms/Ice                   3
   d - Throw Icicle                   Conjuration/Ice              4
   e - Summon Ice Beast               Ice/Summoning                4

Dungeon Overview and Level Annotations

Branches:
Dungeon (1/15)

Altars:


You were on level 1 of the Dungeon.
You were not hungry.

You visited 1 branch of the dungeon, and saw 1 of its levels.

You collected 9 gold pieces.


Message History

Welcome, theanonym the Mummy Ice Elementalist.
The bosom of this dungeon contains the fabled artefact, the Orb of Zot.
Found 13 stones.
Found a staircase leading out of the dungeon.
Found a ring mail.
A bat comes into view.
A bat is nearby!
A bat is nearby!
A bat is nearby!
A bat is nearby!
Aim: a bat You freeze the bat.
The bat misses you.
You now have 3/4 mp.
Aim: a bat (moderately wounded)
You freeze the bat.
You kill the bat!
You now have 2/4 mp.
No target in view!
No target in view!
No target in view!
No target in view!
No target in view!
You now have 9 gold pieces.
A kobold comes into view. It is wielding a short sword.
MP restored: 4 A bat and a goblin come into view.
Found a short sword.
There are monsters nearby!
There are monsters nearby!
There are monsters nearby!
You don't know that spell.
Sorry, you're not good enough to have a special ability.
Aim: a kobold, wielding a short sword (resting)
You freeze the kobold.
The kobold shouts!
You kill the kobold!
The goblin shouts!
You hear a shout! x2
The bat closely misses you.
A goblin comes into view. It is wielding a club.
You now have 3/4 mp.
There are monsters nearby!
A hobgoblin comes into view. It is wielding a club.
The hobgoblin shouts!
The bat barely misses you. The bat hits you.
Found a purple potion.
You take 1 damage, and have 12/13 hp.
Aim: a bat You freeze the bat.
The goblin shouts!
The bat barely misses you.
A hobgoblin comes into view. It is wielding a club.
You now have 2/4 mp.
The bat hits you but does no damage.
Aim: a goblin You freeze the goblin.
* * * LOW MAGIC WARNING * * *
The bat closely misses you. The goblin hits you.
You take 4 damage, and have 8/13 hp.
MASSIVE DAMAGE!!
You now have 1/4 mp.
You are too injured to fight recklessly!
You are too injured to fight recklessly!
You are too injured to fight recklessly!
You are too injured to fight recklessly!
You are too injured to fight recklessly!
You are too injured to fight recklessly!
The bat closely misses you. The goblin barely misses you.
The bat completely misses you.
You hit the bat. The bat barely misses you. The hobgoblin hits you with a club.
The goblin closely misses you.
You take 2 damage, and have 7/13 hp.
You closely miss the bat. The bat hits you.
* * * LOW HITPOINT WARNING * * *
The bat barely misses you. The hobgoblin hits you with a club!
Ouch! That really hurt!
You die...

#.######.......#.#####
#.......######.#.#
#######.# #.#.##### #.#
#.#...... #.# #.#####..
# #.# #.####.#. #. ##.#
#.....###
##.####..###########.#.
#....)@b....).. ##.#
#.#.#g#g####### ###
#....gg.# #.#.#.#.#
#........# #..#.#.#..#
..........#.#
#####.##....!. #.
.......


You could see 2 hobgoblins, 2 goblins and a bat.

Notes
Turn   | Place    | Note
-------+----------+-------------------------------------------
     0 | D:1      | theanonym the Mummy Ice Elementalist began the quest for the Orb.
     0 | D:1      | Reached XP level 1. HP: 13/13 MP: 4/4
    76 | D:1      | HP: 6/13 [bat (1)]
    76 | D:1      | Slain by a hobgoblin

Vanquished Creatures
  A bat (D:1)
  A kobold (D:1)
2 creatures vanquished.
